 Dungeon Crawl Stone Soup version 0.31-a0-161-gb58dd9be76 (webtiles) character file.

Game seed: 8190477161842993354

308 frimble the Insei (level 6, -3/41 HPs)
             Began as an Octopode Warper on June 12, 2023.
             Slain by a sleepcap (20 damage)
             ... on level 4 of the Dungeon.
             The game lasted 00:03:57 (2977 turns).

frimble the Insei (Octopode Warper)                 Turns: 2977, Time: 00:03:58

Health: -3/41      AC:  1    Str: 12    XL:     6   Next: 40%
Magic:  9/9        EV:  2    Int: 15    God:
Gold:   153        SH:  0    Dex: 18    Spells: 7/9 levels left

rFire   . .          .
                       - Unarmed
rCold   . . .        (no shield)
rNeg    . . .        (helmet restricted)
rPois   +            h - amulet of regeneration
rElec   .            e - ring of poison resistance
rCorr   .            j - +6 ring of dexterity
SInv    .            (no ring)
Will    .....        (no ring)
Stlth   +++          (no ring)
HPRegen 1.06/turn    (no ring)
MPRegen 0.11/turn    (no ring)
                     (no ring)

%: no passive effects
@: sleeping
A: almost no armour, amphibious, 8 rings, camouflage 1, gelatinous body 1,
(nimble swimmer 1), tentacles
a: no special abilities


You were on level 4 of the Dungeon.
You visited 1 branch of the dungeon, and saw 4 of its levels.

You collected 153 gold pieces.

Inventory:

Missiles
 b - 6 boomerangs of dispersal (quivered)
Jewellery
 e - a ring of poison resistance (left tentacle)
 h - an amulet of regeneration (around mantle)
 j - a +6 ring of dexterity (right tentacle)
Wands
 g - a wand of flame (14)
Scrolls
 a - a scroll of blinking
 c - 3 scrolls of identify
 d - a scroll of silence
 k - 2 scrolls of teleportation
Potions
 f - 2 potions of curing
 i - a potion of cancellation {unknown}


   Skills:
 + Level 2.4 Fighting
 - Level 1.0 Throwing
 + Level 2.7 Dodging
 + Level 1.7 Stealth
 - Level 6.0 Unarmed Combat
 - Level 2.0 Spellcasting
 + Level 3.1 Translocations


You had 7 spell levels left.
You knew the following spells:

 Your Spells              Type           Power      Damage    Failure   Level
a - Blink                 Tloc           20%        N/A       10%         2

Your spell library contained the following spells:

 Spells                   Type           Power      Damage    Failure   Level
 Lesser Beckoning         Tloc           20%        N/A       10%         2
 Teleport Other           Tloc           10%        N/A       19%         3
 Slow                     Hex            4%         N/A       22%         1
 Vhi's Electric Charge    Tloc/Air       12%        N/A       34%         3
 Manifold Assault         Tloc           10%        N/A       52%         4
 Confusing Touch          Hex            1%         N/A       54%         3
 Vampiric Draining        Necr           1%         2d6       54%         3
 Summon Lightning Spire   Summ/Air       1%         N/A       91%         4
 Blade Hands              Tmut           0%         N/A       99%         5
 Malign Gateway           Summ/Tloc      3%         N/A       100%        7
 Summon Horrible Things   Summ           0%         N/A       100%        8
 Animate Armour           Summ/Erth      Unusable   N/A       N/A         4

Dungeon Overview and Level Annotations

Branches:
Dungeon (4/15)
 Temple: D:4-7

Altars:
Ashenzari
Gozag
Wu Jian

Annotations:
D:4 exclusion: ogre


Innate Abilities, Weirdness & Mutations

You cannot wear most types of armour.
You are amphibious.
You can wear up to eight rings at the same time.
Your skin changes colour to match your surroundings (Stealth+).
Your rubbery body absorbs attacks. (AC +1, EV +1)
((You are camouflaged when in or above water. (Stealth+)))
You have tentacles for arms and can constrict up to eight enemies at once.


Message History

A sleepcap is nearby!
Unknown command.
Found 13 gold pieces.
Found 3 poisoned darts.
You tentacle-slap the sleepcap but do no damage.
You grab the sleepcap. You squeeze the sleepcap.
The sleepcap is lightly damaged.
You constrict the sleepcap. The sleepcap releases spores at you.
You tentacle-slap the sleepcap.
The sleepcap is moderately damaged.
You constrict the sleepcap. The sleepcap releases spores at you!
You are engulfed in a cloud of soporific spores!
You fall asleep.
You lose your grip on the sleepcap.
The sleepcap releases spores at you!
You wake up.
You are engulfed in a cloud of soporific spores!
You are unaffected.
You are too injured to fight recklessly!
You tentacle-slap the sleepcap but do no damage.
You grab the sleepcap.
You squeeze the sleepcap, but do no damage.
The sleepcap is moderately damaged.
You constrict the sleepcap, but do no damage.
The sleepcap releases spores at you but does no damage.
You tentacle-slap the sleepcap. You squeeze the sleepcap.
The sleepcap is severely damaged.
You constrict the sleepcap. The sleepcap releases spores at you.
You tentacle-slap the sleepcap.
The sleepcap is almost destroyed.
You constrict the sleepcap. The sleepcap closely misses you.
You tentacle-slap the sleepcap but do no damage.
You squeeze the sleepcap, but do no damage.
The sleepcap is almost destroyed.
You constrict the sleepcap, but do no damage.
The sleepcap releases spores at you.
You are engulfed in a cloud of soporific spores!
You fall asleep.
You lose your grip on the sleepcap.
The sleepcap releases spores at you!!
You die...

.............
............. ..
#............ ...
##........... ....
##.......... #(...
##.....(... #....#
##........ ###.....#
#####.......# ##......#
..........#####f@....#
..........###........###
..........##...........#
.......................#
.......................#
.)....#.......#........#
....##....#..###.......#
..####...##..# ###.....#
#####.(.####.# ######


You could see a sleepcap.

Vanquished Creatures
  An orc priest (D:4)
  Ijyb (D:4)
  An iguana (D:4)
  Natasha (twice) (D:3)
  Terence (D:2)
  Robin (D:2)
  5 adders
  2 worms (D:2)
  4 dart slugs
  4 orcs (D:4)
  9 endoplasms
  4 giant cockroaches
  13 goblins
  8 hobgoblins
  4 kobolds
  A quokka (D:2)
  3 ball pythons
  8 bats
  3 frilled lizards
  5 rats
80 creatures vanquished.

Notes
Turn   | Place    | Note
-------+----------+-------------------------------------------
     0 | D:1      | frimble the Octopode Warper began the quest for the Orb.
     0 | D:1      | Reached XP level 1. HP: 14/14 MP: 3/3
   182 | D:1      | Reached XP level 2. HP: 19/19 MP: 5/5
   422 | D:1      | Reached skill level 3 in Unarmed Combat
   588 | D:1      | Reached XP level 3. HP: 24/24 MP: 6/6
  1199 | D:2      | Reached skill level 4 in Unarmed Combat
  1294 | D:2      | Noticed Terence
  1297 | D:2      | Reached XP level 4. HP: 28/29 MP: 7/7
  1314 | D:2      | Killed Terence
  1409 | D:2      | Learned a level 2 spell: Blink
  1664 | D:2      | Identified the +0 helmet of Catatonia {rC+ Str+3 Int+3}
  1664 | D:2      | Noticed Robin
  1727 | D:2      | Killed Robin
  1728 | D:2      | Reached skill level 5 in Unarmed Combat
  1728 | D:2      | Reached XP level 5. HP: 30/34 MP: 8/8
  2198 | D:3      | Noticed Natasha
  2207 | D:3      | Killed Natasha
  2233 | D:3      | Noticed Natasha
  2237 | D:3      | Killed Natasha
  2508 | D:3      | You fall into a shaft and drop 1 floor!
  2511 | D:4      | Found an opulent altar of Gozag.
  2511 | D:4      | Found a broken altar of Ashenzari.
  2521 | D:4      | Reached skill level 6 in Unarmed Combat
  2569 | D:4      | Reached skill level 1 in Stealth
  2569 | D:4      | Reached XP level 6. HP: 30/39 MP: 9/9
  2813 | D:4      | Found an ornate altar of the Wu Jian Council.
  2859 | D:4      | Noticed Ijyb
  2868 | D:4      | Killed Ijyb
  2977 | D:4      | Slain by a sleepcap

Illustrated notes

Levels and vault maps discovered:
D:1:      onia_arrival_mini_maze, layout_loops_ring, serial_forest,
          infiniplex_forest_clump_small, infiniplex_forest_straight_3,
          infiniplex_forest_lined_room_2, infiniplex_forest_straight_4,
          infiniplex_forest_split, infiniplex_forest_straight_2,
          infiniplex_forest_zigzag_2, infiniplex_forest_lined_ring,
          infiniplex_forest_corner_2, infiniplex_forest_corner_2
D:2:      layout_basic, uniq_terence, uniq_robin
D:3:      layout_loops_ring, uniq_natasha
D:4:      layout_cave_pods, pdpol_wu_jian_five_deadly_venoms,
          mainiacjoe_overflow_divided_tiny, chequers_garden, uniq_ijyb

Skill      XL: |  1  2  3  4  5 |
---------------+----------------+-----
Unarmed Combat | 3 4 5 6 |  6.0
Stealth        | 1 |  1.7
Fighting       | |  2.4
Throwing       | |  1.0
Dodging        | |  2.7
Spellcasting   | |  2.0
Translocations | |  3.1

Action                     |  1- 3 |  4- 6 || total
---------------------------+-------+-------++-------
  Melee: Unarmed           |    73 |   112 ||   185
         Constrict         |    20 |    28 ||    48
         Tentacles         |    10 |    33 ||    43
         Punch             |     2 |     4 ||     6
  Throw: Boomerang         |       |     1 ||     1
   Cast: Blink             |       |     1 ||     1
    Use: Scroll            |     4 |     3 ||     7
   Stab: Sleeping          |     9 |    10 ||    19
 Armour: Skin              |     7 |     3 ||    10
  Dodge: Dodged            |    30 |    45 ||    75

Table legend: (Time is in decaauts)
 A = Elapsed time spent in this place.
 B = Non-inter-level travel time spent in this place.
 C = Inter-level travel time spent in this place.
 D = Time resting spent in this place.
 E = Time spent auto-exploring this place.
 F = Levels seen in this place.
 G = Mean time per level.
                   A        B        C        D        E       F      G
               +--------+--------+--------+--------+--------+-----+--------+
         Total |   2960 |   2878 |     82 |     34 |   2267 |   4 |  740.0 |
       Dungeon |   2960 |   2878 |     82 |     34 |   2267 |   4 |  740.0 |
               +--------+--------+--------+--------+--------+-----+--------+

Top non-repeatable levels by time:
     D:2: 1105 daAuts
     D:1: 902 daAuts
     D:3: 488 daAuts
     D:4: 464 daAuts
